 Dungeon Crawl Stone Soup version 0.29.1-1-gd02db6906a (webtiles) character file.

Game seed: 8933212530664313184

7 Homeless the Scratcher (level 1, -28/9 HPs)
             Began as a Felid Transmuter on Oct 18, 2022.
             Killed by an exploding giant cockroach (36 damage)
             ... ignited by their inner flame
             ... on level 1 of the Dungeon.
             The game lasted 00:01:10 (186 turns).

Homeless the Scratcher (Felid Transmuter)            Turns: 186, Time: 00:01:12

Health: -28/9      AC:  1    Str:  6    XL:     1   Next: 83%
Magic:  3/4        EV: 17    Int: 14    God:
Gold:   33         SH:  0    Dex: 16    Spells: 3/4 levels left
                                        Lives:  0   Deaths: 0

rFire   . . .      SeeInvis +     - Unarmed
rCold   . . .      Faith    .   (shield unavailable)
rNeg    . . .      Spirit   .   (body armour unavailable)
rPois   .          Reflect  .   (helmet unavailable)
rElec   .          Harm     .   (cloak unavailable)
rCorr   .          Rampage  .   (gloves unavailable)
Will    .....                   (boots unavailable)
Stlth   +.........              (no amulet)
HPRegen 0.03/turn               (no ring)
MPRegen 0.09/turn               (no ring)

@: appendages, quick
A: horns 2, very small, claws 1, fangs 3, see invisible, speed 1, shaggy fur 1,
stealthy paws, no weapons or thrown items, no armour, multi-lived
a: End Transformation


You were on level 1 of the Dungeon.
You had temporarily grown beastly horns.
You visited 1 branch of the dungeon, and saw 1 of its levels.

You collected 33 gold pieces.

Inventory:

Potions
 a - a potion of lignification


   Skills:
 * Level 1.4 Fighting
 - Level 2.6 Dodging
 - Level 3.0 Unarmed Combat
 - Level 2.0 Spellcasting
 * Level 2.5 Transmutations


You had 3 spell levels left.
You knew the following spells:

 Your Spells              Type           Power      Damage    Failure   Level
a - Beastly Appendage     Tmut           16%        N/A       9%          1

Your spell library contained the following spells:

 Spells                   Type           Power      Damage    Failure   Level
 Wereblood                Tmut           8%         N/A       12%         2
 Spider Form              Tmut/Pois      5%         N/A       38%         3
 Ice Form                 Ice/Tmut       5%         N/A       80%         4


Dungeon Overview and Level Annotations

Branches:
Dungeon (1/15)

Altars:


Innate Abilities, Weirdness & Mutations

You have temporarily grown beastly horns.
You have sharp claws.
You have razor-sharp teeth.
You have supernaturally acute eyesight. (SInv)
You cover ground quickly. (Speed+)
You are covered in fur. (AC +1)
Your paws help you pounce on unaware monsters.
You are incapable of wielding weapons or throwing items.
You cannot wear armour.
You gain extra lives every three experience levels.


Message History

The giant cockroach bites you but does no damage.
You closely miss the giant cockroach.
Your headbutt misses the giant cockroach.
The giant cockroach is almost dead.
The giant cockroach bites you.
You barely miss the giant cockroach. Your bite misses the giant cockroach.
The giant cockroach is almost dead.
The giant cockroach completely misses you.
You closely miss the giant cockroach. Your bite misses the giant cockroach.
The giant cockroach is almost dead.
The giant cockroach bites you but does no damage.
The giant cockroach bites you.
You closely miss the giant cockroach.
The giant cockroach is almost dead.
The giant cockroach closely misses you.
You scratch the giant cockroach.
You kill the giant cockroach!
No target in view!
Your transformation is almost over.
Your horns disappear.
HP restored.
A giant cockroach comes into view.
You see here a scroll labelled LOEMME HIULUOMN.
b - a scroll labelled LOEMME HIULUOMN
As you read the scroll labelled LOEMME HIULUOMN, it crumbles to dust.
The creatures around you are filled with an inner flame!
It was a scroll of immolation.
Casting: Beastly Appendage (safe; 9% risk of failure)
Confirm with . or Enter, or press ? or * to list all spells.
You grow a pair of large bovine horns.
The giant cockroach barely misses you.
You scratch the giant cockroach but do no damage.
The giant cockroach barely misses you.
You barely miss the giant cockroach. The giant cockroach bites you.
You scratch the giant cockroach.
Flame seeps out of the giant cockroach.
The giant cockroach is severely wounded.
The giant cockroach is engulfed in blazing flames.
The giant cockroach explodes!
The fiery explosion engulfs you!!!
Ouch! That really hurt!
You die...

........'.......>.....#
........#....#......#
###'....#....#.#.##.#
#'....#....#.#††#
###'....#....#.#..#
......###....#.#..#
......# #....#.#..#
..[...# #....#+#..#.#
..#+### ......†@§§.#
.....# #......§○#.#
.##..# #.......§.... .#
..# .........#.### .#
... ............. .#
.... ..#+#......### .#
...### .....## .# ...#
...#... .####...


There were no monsters in sight!

Vanquished Creatures
  A dart slug (D:1)
  2 giant cockroaches (D:1)
  A quokka (D:1)
  A bat (D:1)
  A kobold (D:1)
6 creatures vanquished.

Notes
Turn   | Place    | Note
-------+----------+-------------------------------------------
     0 | D:1      | Homeless the Felid Transmuter began the quest for the Orb.
     0 | D:1      | Reached XP level 1. HP: 9/9 MP: 4/4
   186 | D:1      | Killed by an exploding giant cockroach... ignited by their
                  | inner flame

Illustrated notes

Levels and vault maps discovered:
D:1:      saegor_arrival_fortress, layout_basic

Action                   || total
-------------------------++-------
Melee: Unarmed           ||    22
       Headbutt          ||     5
       Bite              ||     1
 Cast: Beastly Appendage ||     5
  Use: Scroll            ||     1
Armor: Skin              ||     4
Dodge: Dodged            ||    20
